 Dungeon Crawl Stone Soup version 0.28.0 (webtiles) character file.

Game seed: 2459558935884212781

125916 pkoi the Black Belt (level 16, -3/132 HPs)
             Began as a Yellow Draconian Monk on Feb 18, 2022.
             Was the Champion of Okawaru.
             Killed by the raging water
             ... invoked by a water nymph
              (26 damage)
             ... on level 1 of the Shoals on Feb 19, 2022.
             The game lasted 01:36:05 (40360 turns).

pkoi the Black Belt (Yellow Draconian Monk)        Turns: 40360, Time: 01:36:06

Health: -3/132     AC: 20    Str: 14    XL:     16   Next: 42%
Magic:  0/32       EV: 21    Int: 17    God:    Okawaru [******]
Gold:   1859       SH: 12    Dex: 23    Spells: 12/25 levels left

rFire   . . .      SeeInvis .     - Unarmed
rCold   . . .      Faith    .   G - +5 buckler "Diw Sea" {rPois Dex+2}
rNeg    . . .      Spirit   +   (armour unavailable)
rPois   +          Reflect  .   O - +2 hat of Birdsong {Drain Will++ Dex+4}
rElec   .          Harm     .   E - +1 cloak {Will+}
rCorr   +          Rampage  .   A - +1 pair of gloves
Will    ++++.                   L - +4 pair of boots "Gifoc" {Dex+2}
Stlth   ++........              z - amulet of guardian spirit
HPRegen 0.32/turn               w - ring of magical power
MPRegen 0.23/turn               (no ring)

@: flying, studying Long Blades
A: spit acid, AC +9, unfitting armour, acidic bite, cold-blooded, acid
resistance, big wings, stinger 1, poison resistance
a: Breathe Acid, Renounce Religion, Heroism, Finesse, Duel


You were on level 1 of the Shoals.
You worshipped Okawaru.
Okawaru was exalted by your worship.
You visited 6 branches of the dungeon, and saw 25 of its levels.
You also visited: Sewer.

You collected 2147 gold pieces.
You spent 288 gold pieces at shops.

Inventory:

Hand Weapons
 v - the +8 whip "Snakebite" {venom, curare, rPois}
   (You found it on level 2 of the Lair of Beasts)

   It poisons the flesh of those it strikes.
   It occasionally inflicts asphyxiating poison on those it strikes, dealing
   poison damage and causing slowness.
   rPois:     It protects you from poison.
Missiles
 c - 5 throwing nets
 q - 13 poisoned darts
 t - 4 curare-tipped darts
Armour
 A - a +1 pair of gloves (worn)
 E - a +1 cloak of willpower (worn)
 G - the +5 buckler "Diw Sea" (worn) {rPois Dex+2}
   (Okawaru gifted it to you on level 11 of the Dungeon)

   Dex:       It affects your dexterity (+2).
   rPois:     It protects you from poison.
 L - the +4 pair of boots "Gifoc" (worn) {Dex+2}
   (Okawaru gifted it to you on level 13 of the Dungeon)

   Dex:       It affects your dexterity (+2).
 O - the +2 hat of Birdsong (worn) {Drain Will++ Dex+4}
   (Okawaru gifted it to you on level 6 of the Lair of Beasts)

   Dex:       It affects your dexterity (+4).
   Drain:     It drains your maximum health when unequipped.
   Will:      It greatly increases your willpower.
Jewellery
 f - a ring of fire
 w - a ring of magical power (left hand)
 z - an amulet of guardian spirit (around neck)
 N - an amulet of reflection
Wands
 a - a wand of polymorph (7)
 m - a wand of iceblast (12)
 r - a wand of flame (29)
 u - a wand of acid (2)
 K - a wand of paralysis (4)
Scrolls
 b - 5 scrolls of teleportation
 e - 2 scrolls of brand weapon
 l - 4 scrolls of magic mapping
 o - a scroll of identify
 x - 4 scrolls of enchant weapon
 y - 4 scrolls of blinking
 B - a scroll of silence {unknown}
 C - 5 scrolls of enchant armour
 J - 3 scrolls of amnesia
 M - 2 scrolls of fog
Potions
 d - 6 potions of brilliance
 g - 3 potions of haste
 h - 2 potions of cancellation
 i - 9 potions of curing
 j - 5 potions of invisibility
 k - a potion of berserk rage
 n - a potion of ambrosia
 p - a potion of resistance
 s - a potion of might
 P - 2 potions of magic
Miscellaneous
 H - a lightning rod (4/4)


   Skills:
 - Level 9.0 Fighting
 + Level 11.4 Dodging
 - Level 1.7 Stealth
 + Level 7.5 Shields
 + Level 18.8 Unarmed Combat
 + Level 5.0 Spellcasting
 - Level 6.0 Necromancy
 + Level 4.8 Transmutations
 + Level 7.8 Air Magic
 - Level 9.0 Invocations
 - Level 10.3 Evocations


You had 12 spell levels left.
You knew the following spells:

 Your Spells              Type           Power      Damage    Failure   Level
a - Corpse Rot            Necr/Air       54%        N/A       1%          2
b - Storm Form            Tmut/Air       12%        N/A       100%        7
c - Airstrike             Air            15%        N/A       7%          4

Your spell library contained the following spells:

 Spells                   Type           Power      Damage    Failure   Level
 Sublimation of Blood     Necr           24%        N/A       2%          2
 Dispel Undead            Necr           24%        3d12      14%         4
 Mephitic Cloud           Conj/Pois/Air  13%        N/A       19%         3
 Ignite Poison            Fire/Tmut/Pois 9%         N/A       26%         3
 Petrify                  Tmut/Erth      12%        N/A       54%         4
 Lightning Bolt           Conj/Air       8%         1d21      67%         5
 Freezing Cloud           Conj/Ice/Air   6%         6-21      86%         5
 Irradiate                Conj/Tmut      6%         3d16      87%         5
 Maxwell's Capacitive Co  Air            15%        ∞         100%        8
 Polar Vortex             Ice            2%         N/A       100%        9
 Summon Lightning Spire   Summ/Air       Unusable   N/A       N/A         4
 Death Channel            Necr           Unusable   N/A       N/A         6
 Simulacrum               Ice/Necr       Unusable   N/A       N/A         6

Dungeon Overview and Level Annotations

Branches:
Dungeon (14/15)            Temple (1/1) D:6            Lair (6/6) D:9
 Shoals (1/4) Lair:3       Spider (1/4) Lair:3        Slime (0/5) Lair:6
    Orc (2/2) D:10            Elf (0/3) Orc:2        Vaults (0/5) D:13
  Sewer (visited)

Altars:
Ashenzari
Cheibriados
Dithmenos
Elyvilon
Fedhas
Gozag
Hepliaklqana
Kikubaaqudgha
Makhleb
Nemelex Xobeh
Okawaru
Qazlal
Ru
Sif Muna
Trog
Uskayaw
Vehumet
Wu Jian
Xom
Yredelemnul
Zin
The Shining One
Jiyva

Shops:
D:4 *   Orc:1 *   Orc:2 *[=(:

Portals:
Trove: D:13 (show abyssal rune of Zot)

Annotations:
D:9 3 runed translucent doors, Esekla's ghost, journeyman FoFE
Lair:6 2 runed translucent doors


Innate Abilities, Weirdness & Mutations

You can spit globs of acid.
Your golden yellow scales are hard. (AC +9)
You cannot fit into any form of body armour.
You have acidic saliva.
You are cold-blooded and may be slowed by cold attacks.
You are resistant to acid. (rCorr)
Your large and strong wings let you fly.
Your tail ends in a venomous barb.
Your system is resistant to poisons. (rPois)


Message History

The water nymph points at you and mumbles some strange words.
The water rises up and strikes you!
* * * LOW HITPOINT WARNING * * *
You barely miss the water nymph.
The water nymph is lightly wounded.
The merfolk throws a boomerang.
You block the boomerang.
The water nymph gestures at you while chanting.
The water rises up and strikes you!!
* * * LOW HITPOINT WARNING * * *
You pummel the water nymph!!
The water nymph is heavily wounded.
You punch the water nymph!
Your tail-slap misses the water nymph.
The water nymph is severely wounded.
The merfolk throws a boomerang.
You block the boomerang. You block the water nymph's attack.
You hit the water nymph.
The water nymph is almost dead.
The merfolk hits you from afar with a +0 trident of venom!
* * * LOW HITPOINT WARNING * * *
The water nymph closely misses you.
You hit the water nymph but do no damage.
You tail-slap the water nymph.
The water nymph is almost dead.
You have got your breath back.
The merfolk hits you but does no damage.
You are poisoned.
You barely miss the water nymph.
You bite the water nymph, but do no damage.
The water nymph is almost dead.
You feel sick. The water nymph casts a spell at you.
The water rises up and strikes you!!
* * * LOW HITPOINT WARNING * * *
You feel much better.
You feel sick. You block the merfolk's attack.
You block the water nymph's attack.
You feel better.
The merfolk throws a boomerang.
The boomerang hits you!
* * * LOW HITPOINT WARNING * * *
The water nymph gestures at you while chanting.
The water rises up and strikes you!!
You die...

..≈.≈≈≈≈≈≈≈.≈≈≈≈≈≈≈P
..≈.≈≈...≈≈≈≈≈≈≈≈≈≈≈
......≈≈..≈≈≈....≈P≈≈≈
#......≈≈.≈≈≈.##..P≈≈≈≈
....##.≈≈≈≈≈≈.(...≈≈P≈≈
........≈≈≈....).≈≈≈≈≈≈
≈≈≈≈...≈≈≈≈..m<≈≈≈≈≈≈≈≈
≈≈≈≈≈≈≈≈≈≈≈≈...≈≈≈≈≈≈≈≈
≈≈c≈≈§≈≈≈≈≈≈≈@≈≈≈≈PP.≈≈
≈≈≈§≈≈≈≈≈≈≈≈m≈≈≈≈≈≈≈≈≈≈
≈≈§§§§≈≈≈≈≈≈≈≈≈..≈≈≈≈≈≈
≈≈≈≈≈≈≈≈≈≈≈≈≈≈≈≈≈≈≈≈≈≈≈
≈≈≈≈≈≈≈≈≈≈≈≈≈≈≈≈≈≈≈≈≈≈≈
≈≈≈≈≈≈≈≈≈≈≈≈≈≈≈≈≈≈≈≈≈≈≈
≈≈≈≈≈≈≈≈≈≈≈≈≈≈≈≈≈≈≈≈≈≈≈
≈≈≈≈≈≈≈≈≈≈≈≈≈≈≈≈≈≈≈≈≈≈
≈≈≈≈≈≈≈≈≈≈≈≈≈≈≈≈≈≈≈≈≈≈


You could see a merfolk and a water nymph.

Vanquished Creatures
  Nikola (Lair:3)
  Gastronok (D:9)
  Agnes (D:14)
  Donald (Orc:2)
  An azure jelly (Orc:2)
  A fire giant (D:13)
  Aizul (Lair:2)
  Nessos (Lair:5)
  Snorg (Lair:3)
  A merfolk javelineer (Lair:3)
  2 merfolk impalers (Lair:3)
  A fire dragon (D:13)
  Harold (D:10)
  Erica (Lair:1)
  12 vault guards
  Erolcha (D:13)
  6 centaur warriors
  11 hydras
  7 boulder beetles
  A merfolk avatar (Shoals:1)
  2 ogre magi (Orc:2)
  The ghost of Strat the Carver, a journeyman FoAE of Hepliaklqana (D:8)
  12 two-headed ogres
  Urug (Orc:2)
  10 death yaks
  A deep troll earth mage (D:13)
  A tengu warrior (D:12)
  Sonja (Orc:2)
  2 pharaoh ants (Lair:3)
  A goliath frog (shapeshifter) (D:13)
  2 deep trolls
  3 orc knights
  2 lindwurms
  3 ugly things
  6 cyclopes
  4 orc sorcerers
  6 manticores
  A moth of wrath (Spider:1)
  9 elephants
  Maurice (D:9)
  14 black mambas
  Maggie (Lair:1)
  3 molten gargoyles (Lair:6)
  A merfolk siren (Shoals:1)
  11 cane toads
  2 torpor snails (Lair:6)
  2 gargoyles (D:13)
  A guardian serpent (shapeshifter) (D:14)
  A rime drake (shapeshifter) (D:14)
  An unseen horror (D:12)
  A freezing wraith (D:14)
  An efreet (D:14)
  3 rime drakes
  22 komodo dragons
  A kobold demonologist (D:9)
  A guardian mummy (D:13)
  11 trolls
  5 merfolk
  2 polar bears
  15 blink frogs
  2 tarantellas (Lair:3)
  8 jumping spiders (Lair:3)
  8 dream sheep
  A shadow (D:11)
  A water elemental (Lair:3)
  49 yaks
  10 wyverns
  Grum (Lair:1)
  4 wraiths
  5 basilisks
  A yak (shapeshifter) (D:13)
  3 steam dragons
  6 vampire mosquitoes
  2 redbacks (Lair:3)
  4 wargs
  An acid dragon (D:8)
  24 water moccasins
  4 hell hounds
  Pargi (Sewer)
  36 orc warriors
  2 ice beasts
  2 black bears
  2 necrophages (D:7)
  23 ogres
  28 wolves
  20 centaurs
  A phantom (D:6)
  12 bullfrogs
  2 gnoll sergeants
  4 scorpions
  A wyvern skeleton (D:5)
  7 killer bees
  2 vampire bats (D:12)
  4 howler monkeys
  2 electric eels (Lair:1)
  A bullfrog zombie (D:5)
  5 lava snakes (Lair:6)
  6 centaur zombies
  15 orc priests
  2 jellies (D:6)
  Crazy Yiuf (D:4)
  2 bullfrog skeletons
  A centaur skeleton (D:7)
  2 hounds
  Jessica (D:2)
  2 iguanas
  29 orc wizards
  A centaur simulacrum (D:8)
  2 howler monkey zombies
  Robin (D:2)
  21 gnolls
  A howler monkey skeleton (D:8)
  11 adders
  A shadow imp (D:7)
  3 white imps
  An ufetubus (D:5)
  4 dart slugs
  81 orcs
  15 bats
  9 endoplasms
  4 giant cockroaches
  9 goblins
  9 hobgoblins
  9 jackals
  7 quokkas
  7 ball pythons
  7 frilled lizards
  9 kobolds
  5 rats
788 creatures vanquished.

Vanquished Creatures (others)
  A water nymph (Shoals:1)
  53 fungi
  84 plants
138 creatures vanquished.

Grand Total: 926 creatures vanquished

Notes
Turn   | Place    | Note
-------+----------+-------------------------------------------
     0 | D:1      | pkoi the Draconian Monk began the quest for the Orb.
     0 | D:1      | Reached XP level 1. HP: 19/19 MP: 1/1
   170 | D:1      | Reached XP level 2. HP: 14/26 MP: 2/2
   583 | D:1      | Reached skill level 4 in Unarmed Combat
   657 | D:1      | Reached XP level 3. HP: 30/31 MP: 3/3
  1049 | D:1      | Found an iron altar of Okawaru.
  1063 | D:1      | Became a worshipper of Warmaster Okawaru
  1063 | D:1      | Reached * piety under Okawaru
  1063 | D:1      | Reached ** piety under Okawaru
  1173 | D:2      | Noticed Jessica
  1175 | D:2      | Found a faded altar of an unknown god.
  1175 | D:2      | Noticed Robin
  1695 | D:2      | Killed Jessica
  1696 | D:2      | Reached XP level 4. HP: 8/38 MP: 1/4
  1699 | D:2      | Killed Robin
  1700 | D:2      | Reached skill level 1 in Invocations
  2210 | D:2      | Found a hazy altar of Hepliaklqana.
  2487 | D:3      | Found a glowing drain.
  2509 | Sewer    | Entered a sewer
  2720 | Sewer    | Noticed Pargi
  2735 | Sewer    | Killed Pargi
  2736 | Sewer    | Reached skill level 5 in Unarmed Combat
  2736 | Sewer    | Reached XP level 5. HP: 26/46 MP: 3/6
  3763 | D:3      | Found a hazy altar of Hepliaklqana.
  3967 | D:4      | Reached XP level 6. HP: 52/52 MP: 7/7
  3980 | D:4      | Reached skill level 6 in Unarmed Combat
  4122 | D:4      | Noticed a steam dragon
  5206 | D:4      | Found Fius's Assorted Antiques.
  5905 | D:3      | Killed a steam dragon
  5906 | D:3      | Reached skill level 7 in Unarmed Combat
  5906 | D:3      | Your scales start taking on a golden yellow colour.
  5906 | D:3      | Reached XP level 7. HP: 29/59 MP: 5/8
  5906 | D:3      | Gained mutation: You are resistant to acid. (rCorr) [Yellow
                  | Draconian growth]
  6598 | D:4      | Found a runed translucent door.
  6599 | D:4      | Noticed Crazy Yiuf
  6898 | D:5      | Entered Level 5 of the Dungeon
  7415 | D:5      | Reached skill level 8 in Unarmed Combat
  7439 | D:5      | Reached *** piety under Okawaru
  7703 | D:5      | Reached XP level 8. HP: 67/67 MP: 9/9
  7872 | D:5      | Reached skill level 5 in Fighting
  7903 | D:5      | Reached skill level 1 in Evocations
  8611 | D:5      | Gained mutation: Your large and strong wings let you fly.
                  | [potion of mutation]
  8611 | D:5      | Gained mutation: Your tail ends in a venomous barb. [potion
                  | of mutation]
  8611 | D:5      | Gained mutation: Your system is resistant to poisons.
                  | (rPois) [potion of mutation]
  8740 | D:6      | Reached skill level 9 in Unarmed Combat
  8756 | D:6      | Reached **** piety under Okawaru
  8762 | D:6      | Reached XP level 9. HP: 40/75 MP: 11/11
  9116 | D:6      | Found a staircase to the Ecumenical Temple.
  9779 | D:7      | Reached skill level 5 in Dodging
  9894 | D:7      | Reached skill level 10 in Unarmed Combat
 10338 | D:7      | Noticed a troll
 10352 | D:7      | Killed a troll
 10353 | D:7      | Reached skill level 5 in Invocations
 10761 | D:8      | Reached ***** piety under Okawaru
 10785 | D:8      | Identified the +0 buckler of the Immovable Seas {Regen+
                  | Dex+5} (Okawaru gifted it to you on level 8 of the Dungeon)
 10785 | D:8      | Received a gift from Okawaru
 10786 | D:8      | Reached XP level 10. HP: 48/83 MP: 14/14
 10996 | D:8      | Found a runed translucent gate.
 10996 | D:8      | Found a runed translucent gate.
 10997 | D:8      | Found a runed translucent gate.
 11000 | D:8      | Noticed Strat's ghost (journeyman FoAE)
 11307 | D:8      | Noticed a two-headed ogre
 11318 | D:8      | Killed a two-headed ogre
 11319 | D:8      | Reached skill level 1 in Shields
 11319 | D:8      | Reached skill level 11 in Unarmed Combat
 11940 | D:9      | Noticed Gastronok
 11970 | D:9      | Killed Gastronok
 11971 | D:9      | Reached skill level 5 in Evocations
 12050 | D:9      | Noticed a manticore
 12059 | D:9      | Killed a manticore
 12205 | D:9      | Found a runed translucent gate.
 12205 | D:9      | Found a runed translucent gate.
 12237 | D:9      | Found a runed translucent gate.
 12237 | D:9      | Noticed Esekla's ghost (journeyman FoFE)
 12245 | D:9      | Found a viscous altar of Jiyva.
 12264 | D:9      | Found a staircase to the Lair.
 12277 | D:9      | Reached skill level 12 in Unarmed Combat
 12345 | D:9      | Noticed Maurice
 12360 | D:9      | Killed Maurice
 12361 | D:9      | Reached XP level 11. HP: 89/89 MP: 16/16
 12713 | D:10     | Entered Level 10 of the Dungeon
 13010 | D:10     | Noticed Harold
 13072 | D:10     | Killed Harold
 13673 | D:10     | Noticed a two-headed ogre
 13710 | Lair:1   | Entered Level 1 of the Lair of Beasts
 13712 | Lair:1   | Noticed a five-headed hydra
 13793 | D:9      | Killed a five-headed hydra
 13794 | D:9      | Reached skill level 5 in Shields
 13843 | D:9      | Reached skill level 13 in Unarmed Combat
 13899 | Lair:1   | Identified the +2 pair of boots "Muikhlipt" {Rampage Will-
                  | rCorr Dex+4} (Okawaru gifted it to you on level 1 of the
                  | Lair of Beasts)
 13899 | Lair:1   | Received a gift from Okawaru
 13943 | Lair:1   | Noticed Maggie
 14139 | Lair:1   | Reached ****** piety under Okawaru
 14233 | Lair:1   | Noticed Erica
 14245 | Lair:1   | Killed Erica
 14371 | Lair:1   | Killed Maggie
 14663 | Lair:1   | Reached XP level 12. HP: 96/96 MP: 18/18
 14790 | Lair:1   | Noticed Grum
 14844 | Lair:1   | Killed Grum
 15480 | Lair:2   | Identified the +7 hunting sling "Norom" {venom, rC- Str+4
                  | Dex+2}
 15718 | Lair:2   | Reached skill level 14 in Unarmed Combat
 16110 | Lair:2   | Noticed a six-headed hydra
 16122 | Lair:2   | Killed a six-headed hydra
 16542 | Lair:2   | Learned a level 2 spell: Corpse Rot
 16666 | Lair:2   | Found the +8 whip "Snakebite" {venom, curare, rPois}
 16921 | Lair:3   | Noticed a boulder beetle
 16921 | Lair:3   | Noticed a six-headed hydra
 16929 | Lair:2   | Reached skill level 1 in Necromancy
 16968 | Lair:2   | Reached skill level 1 in Air Magic
 16970 | Lair:2   | Reached skill level 1 in Spellcasting
 16989 | Lair:3   | Found a staircase to the Shoals.
 17158 | Lair:2   | Received a gift from Okawaru
 17239 | Lair:3   | Noticed an eight-headed hydra
 17248 | Lair:3   | Killed an eight-headed hydra
 17399 | Lair:3   | Found a shadowy altar of Dithmenos.
 17452 | Lair:3   | Killed a boulder beetle
 17543 | Lair:3   | Noticed Snorg
 17558 | Lair:3   | Killed Snorg
 17738 | Lair:3   | Killed a six-headed hydra
 17739 | Lair:3   | Reached XP level 13. HP: 102/102 MP: 19/19
 17805 | Lair:3   | Identified the +0 hat "Rouqaqibe" {rN+ rCorr Stlth+}
                  | (Okawaru gifted it to you on level 3 of the Lair of Beasts)
 17805 | Lair:3   | Received a gift from Okawaru
 17855 | Lair:3   | Found a hole to the Spider Nest.
 17939 | Lair:3   | Reached skill level 15 in Unarmed Combat
 19770 | Lair:4   | Received a gift from Okawaru
 20433 | Lair:5   | Noticed Nessos
 20437 | Lair:5   | Killed Nessos
 20624 | Lair:5   | You are sucked into a shaft and drop 1 floor!
 20624 | Lair:6   | Entered Level 6 of the Lair of Beasts
 20847 | Lair:6   | Gained mutation: You have acidic saliva. [Yellow Draconian
                  | growth]
 20847 | Lair:6   | Reached XP level 14. HP: 107/113 MP: 17/20
 20920 | Lair:6   | Reached skill level 5 in Necromancy
 20928 | Lair:6   | Reached skill level 5 in Air Magic
 21104 | Lair:6   | Identified the +2 hat of Birdsong {Drain Will++ Dex+4}
                  | (Okawaru gifted it to you on level 6 of the Lair of Beasts)
 21104 | Lair:6   | Received a gift from Okawaru
 21145 | Lair:6   | Found a hide-covered altar of Uskayaw.
 21152 | Lair:6   | Reached skill level 16 in Unarmed Combat
 21442 | Lair:6   | Found a viscous altar of Jiyva.
 21442 | Lair:6   | Found a staircase to the Slime Pits.
 22102 | Lair:5   | Reached skill level 10 in Evocations
 22738 | Lair:6   | Found an ornate altar of the Wu Jian Council.
 23137 | Lair:6   | Found a large runed translucent door.
 23151 | Lair:6   | Found a large runed translucent door.
 24259 | D:4      | Killed Crazy Yiuf
 24445 | D:8      | Killed Strat's ghost
 24610 | Temple   | Entered the Ecumenical Temple
 24992 | D:10     | Found a staircase to the Orcish Mines.
 25062 | D:11     | You are sucked into a shaft and drop 2 floors!
 25522 | D:11     | Identified the +5 buckler "Diw Sea" {rPois Dex+2} (Okawaru
                  | gifted it to you on level 11 of the Dungeon)
 25522 | D:11     | Received a gift from Okawaru
 25795 | D:12     | Reached skill level 17 in Unarmed Combat
 26971 | D:12     | Reached XP level 15. HP: 124/124 MP: 19/21
 27489 | D:12     | Learned a level 7 spell: Storm Form
 27627 | Spider:1 | Entered Level 1 of the Spider Nest
 28063 | Shoals:1 | Entered Level 1 of the Shoals
 28082 | Shoals:1 | Noticed Aizul
 28120 | Lair:3   | Reached skill level 1 in Transmutations
 28331 | Lair:2   | Killed Aizul
 28993 | D:13     | Found a portal to a secret trove of treasure.
 29079 | D:13     | Reached skill level 10 in Dodging
 29176 | D:13     | Found a gate to the Vaults.
 29475 | D:13     | Noticed a fire giant
 29475 | D:13     | Found the +5 sword of Power {vorpal}
 30061 | D:13     | Killed a fire giant
 30061 | D:13     | Identified the +4 pair of boots "Gifoc" {Dex+2} (Okawaru
                  | gifted it to you on level 13 of the Dungeon)
 30061 | D:13     | Received a gift from Okawaru
 30868 | Shoals:1 | Noticed Nikola
 31647 | Lair:2   | Identified a scroll of acquirement
 31647 | Lair:2   | Acquired the +0 hat "Biathre" {rElec rN+ Str+4 Dex-2}
 32131 | Orc:1    | Entered Level 1 of the Orcish Mines
 32790 | D:10     | Learned a level 4 spell: Airstrike
 33329 | Orc:1    | Found Bufaim's General Store.
 33337 | Orc:1    | Bought a potion of might for 56 gold pieces
 33587 | Orc:2    | Entered Level 2 of the Orcish Mines
 33597 | Orc:2    | Reached skill level 18 in Unarmed Combat
 33743 | Orc:2    | Noticed Sonja
 33744 | Orc:2    | Noticed Donald
 33746 | Orc:2    | Killed Sonja
 34169 | Orc:2    | Killed Donald
 34405 | Orc:2    | Found Idu Ceag's Book Emporium.
 34916 | Orc:2    | Received a gift from Okawaru
 35108 | Orc:2    | Reached XP level 16. HP: 82/132 MP: 20/22
 35410 | Orc:2    | Found Pusu's Weapon Shop.
 35411 | Orc:2    | Found Lopa Xua's Jewellery Boutique.
 35415 | Orc:2    | Found Cyow's Antique Armour Shop.
 35432 | Orc:2    | Bought a pair of glowing gloves for 232 gold pieces
 35586 | Orc:2    | Found Memununk's General Store.
 35587 | Orc:2    | Noticed Urug
 35597 | Orc:2    | Killed Urug
 35973 | Orc:2    | Found a staircase to the Elven Halls.
 36385 | D:13     | Noticed Erolcha
 36390 | D:13     | Killed Erolcha
 37525 | D:14     | Identified the +6 demon blade of Res Nullius {vamp, Will+
                  | Stlth+} (Okawaru gifted it to you on level 14 of the
                  | Dungeon)
 37525 | D:14     | Received a gift from Okawaru
 38599 | D:14     | Noticed Agnes
 38617 | D:14     | Killed Agnes
 39658 | Lair:3   | Killed Nikola
 39659 | Lair:3   | Reached skill level 5 in Spellcasting
 40360 | Shoals:1 | Killed from afar by a water nymph

Illustrated notes

Levels and vault maps discovered:
D:1:      dpeg_arrival_tiny_j, layout_basic, minmay_hexomino_r4
D:2:      layout_basic, hellmonk_ecumenical_altar_zigzags, basic_altar,
          uniq_robin, uniq_jessica
D:3:      layout_basic, nzn_hepliaklqana_mist_gate, gup_sewer_entry_pipe
D:4:      layout_loops_corners, serial_shops, shop_statue,
          minmay_manual_monstrance, uniq_crazy_yiuf_cottage
D:5:      layout_basic, roderic_roman_lattice
D:6:      layout_loops_ring, minmay_temple_entry_sparse_star
D:7:      layout_rooms, enter_bailey_7
D:8:      layout_loops_ring, gammafunk_ghost_necromancy
D:9:      layout_roguey, grunt_lair_entry_orc_guard_hut, gammafunk_ghost_ooze,
          uniq_gastronok, uniq_maurice
D:10:     layout_gridville, david_orc_4, uniq_harold
D:11:     layout_rooms
D:12:     layout_roguey [special_room_orc], minivault_27, roderic_batcave,
          grunt_decor_resistance
D:13:     minmay_guarded_unrand_sword_of_power, layout_irregular_city,
          lightli_vaults_fourway_checkpoint, nicolae_trove_entry_path_of_doom,
          serial_bayou_pond_c, uniq_erolcha
D:14:     layout_irregular_city, kennysheep_big_empty_room, uniq_agnes
Temple:   dpeg_three_leaves_temple
Lair:1:   layout_chaotic_city, infiniplex_staircase_pool_2,
          serial_bayou_shore_a, lemuel_fruit_fields, uniq_maggie, uniq_grum,
          uniq_erica
Lair:2:   minmay_guarded_unrand_snakebite, layout_gridlike
Lair:3:   layout_gridlike, minmay_shoals_entry_centaurs, spider_nest_entry_webs,
          basic_altar, serial_bayou_pond_b, grunt_megastairs_5, uniq_snorg
Lair:4:   layout_gridlike, grunt_megastairs_2
Lair:5:   layout_regular_city, uniq_nessos
Lair:6:   cheibrodos_lair_end_hotspot, layout_loops_ring,
          dpeg_slime_entry_enclosed_altar, nzn_masters_of_martial_movement
Shoals:1: layout_shoals, uniq_nikola, uniq_aizul
Spider:1: layout_spider_delve, nicolae_spider_eight_legs, uniq_asterion
Orc:1:    layout_diamond_mine, serial_shops, nicolae_shop_statue_plus
Orc:2:    st_orc_open, layout_caves, serial_shops, shop_fountains,
          minmay_orc_barracks, uniq_urug, uniq_donald, uniq_sonja

Skill      XL: |  1  2  3  4  5  6  7  8  9 10 11 12 13 14 15 16 |
---------------+-------------------------------------------------+-----
Unarmed Combat | 4 5 7 8 9 10 12 13 14 15 17 18 | 18.8
Invocations    | 2 3 5 7 8 9 |  9.0
Dodging        | 3 4 5 6 7 8 9 10 11 | 11.4
Fighting       | 4 5 6 7 9 |  9.0
Evocations     | 2 4 6 7 8 9 10 | 10.3
Shields        | 3 5 6 7 |  7.5
Necromancy     | 2 4 6 |  6.0
Air Magic      | 2 4 6 7 |  7.8
Spellcasting   | 2 3 4 5 |  5.0
Transmutations | 4 |  4.8
Stealth        | |  1.7

Action                   |  1- 3 |  4- 6 |  7- 9 | 10-12 | 13-15 | 16-18 || total
-------------------------+-------+-------+-------+-------+-------+-------++-------
Melee: Whip              |    91 |       |       |       |   155 |       ||   246
       Unarmed           |    15 |   281 |   322 |   772 |  1629 |   217 ||  3236
       Tailslap          |    14 |    27 |    54 |   173 |   357 |    43 ||   668
       Punch             |     3 |    10 |    23 |       |       |       ||    36
       Bite              |       |       |       |       |   239 |    41 ||   280
Throw: Dart              |       |     1 |       |       |       |       ||     1
 Cast: Corpse Rot        |       |       |       |     3 |    19 |       ||    22
       Airstrike         |       |       |       |       |       |    32 ||    32
Invok: Heroism           |     1 |     4 |     8 |     8 |     2 |       ||    23
 Abil: Breathe Acid      |       |       |     6 |    35 |    64 |    18 ||   123
Evoke: Wand              |       |       |       |    27 |    57 |     7 ||    91
  Use: Potion            |     2 |       |    10 |       |     2 |     2 ||    16
       Scroll            |       |     4 |     5 |     3 |    11 |       ||    23
 Stab: Sleeping          |     1 |     6 |     4 |     9 |    10 |     2 ||    32
       Distracted        |       |       |     1 |     1 |     4 |     1 ||     7
       Paralysed         |       |       |       |       |    10 |       ||    10
       Held in net/web   |       |       |       |       |     1 |       ||     1
Armor: Skin              |    37 |    85 |    88 |   171 |   434 |    42 ||   857
Dodge: Dodged            |    86 |   202 |   190 |   534 |  1396 |   120 ||  2528
Block: Buckler           |       |       |       |   276 |   650 |   111 ||  1037
